 Dungeon Crawl Stone Soup version 0.27.0-1-g7a089689b8 (webtiles) character file.

Game seed: 3363450879893151988

97 ZARRMARR the Chiller (level 4, -1/34 HPs)
             Began as a Ghoul Ice Elementalist on Aug 8, 2021.
             Slain by an adder (4 damage)
             ... in a sewer.
             The game lasted 00:13:21 (2343 turns).

ZARRMARR the Chiller (Ghoul Ice Elementalist)       Turns: 2343, Time: 00:13:21

Health: -1/34      AC:  3    Str: 11    XL:     4   Next: 68%
Magic:  0/6        EV: 12    Int: 11    God:
Gold:   65         SH:  0    Dex:  9    Spells: 3/7 levels left

rFire    . . .     SeeInvis .     - Unarmed
rCold    + . .     Faith    .   (no shield)
rNeg     + + +     Spirit   .   a - +0 robe
rPois    ∞         Reflect  .   e - +1 hat
rElec    .         Harm     .   (no cloak)
rCorr    .         Rampage  .   (no gloves)
Will     .....                  (no boots)
Stlth    ++........             (no amulet)
HPRegen  0.00/turn              (no ring)
MPRegen  0.10/turn              (no ring)

@: inhibited regen
A: claws 1, cold resistance 1, negative energy resistance 3, inhibited
regeneration, torment resistance 2
a: no special abilities


You were in a sewer.
You visited 1 branch of the dungeon, and saw 3 of its levels.
You also visited: Sewer.

You collected 65 gold pieces.

Inventory:

Missiles
 d - 87 stones (quivered)
Armour
 a - a +0 robe (worn)
 e - a +1 hat (worn)
Scrolls
 f - a scroll of immolation
Potions
 b - a potion of heal wounds {unknown}
 c - a potion of curing {unknown}
 g - a potion of cancellation {unknown}


   Skills:
 + Level 0.5 Fighting
 + Level 0.9 Throwing
 + Level 2.0 Dodging
 + Level 2.6 Stealth
 + Level 1.1 Unarmed Combat
 + Level 2.3 Spellcasting
 + Level 5.3 Ice Magic


You had 3 spell levels left.
You knew the following spells:

 Your Spells              Type           Power      Damage    Failure   Level
a - Freeze                Ice            52%        1d7       3%          1
b - Frozen Ramparts       Ice            26%        1d4       10%         3

Your spell library contained the following spells:

 Spells                   Type           Power      Damage    Failure   Level
 Ozocubu's Armour         Ice            13%        N/A       10%         3
 Hailstorm                Conj/Ice       7%         3d4       67%         4


Dungeon Overview and Level Annotations

Branches:
Dungeon (3/15)              Sewer (1/1)

Altars:
Fedhas


Innate Abilities, Weirdness & Mutations

You thrive by killing the living.
You are immune to poison.
You have sharp fingernails.
Your flesh is cold resistant. (rC+)
You are immune to negative energy. (rN+++)
You do not regenerate when monsters are visible.
You are immune to unholy pain and torment.


Message History

The river rat twitches its whiskers.
The adder bites you but does no damage.
Casting: Freeze (safe; 3% risk of failure)
Confirm with . or Enter, or press ? or * to list all spells.
Aiming: Freeze (safe; 3% risk of failure)
Press: ? - help, Shift-Dir - straight line, f/p - adder
Aim: an adder (moderately wounded, slow)
You freeze the adder.
The adder is moderately wounded.
The adder bites you. The river rat bites you.
Casting: Freeze (safe; 3% risk of failure)
Confirm with . or Enter, or press ? or * to list all spells.
Aiming: Freeze (safe; 3% risk of failure)
Press: ? - help, Shift-Dir - straight line, f/p - adder
Aim: an adder (moderately wounded, slow)
You freeze the adder.
The adder is almost dead.
The adder seems to slow down.
The adder bites you. The adder closely misses you.
The river rat barely misses you. The adder closely misses you.
You barely miss the adder.
The adder is almost dead.
The adder misses you. The adder bites you. The river rat bites you!
* * * LOW HITPOINT WARNING * * *
You barely miss the adder.
The adder is almost dead.
The adder bites you but does no damage. The river rat bites you.
* * * LOW HITPOINT WARNING * * *
The adder closely misses you.
You miss the adder.
The adder is almost dead.
The adder closely misses you.
The river rat bites you but does no damage.
The adder bites you.
* * * LOW HITPOINT WARNING * * *
The adder closely misses you.
You barely miss the adder.
The adder is almost dead.
The river rat barely misses you. The adder bites you.
You die...

.(..≈...≈≈≈≈≈≈
.rr≈≈≈≈≈≈≈≈≈≈≈≈≈#≈
≈≈≈≈≈≈≈≈≈≈≈≈≈≈≈#≈# #
≈≈≈≈≈≈≈≈≈≈≈≈≈≈≈≈# ≈#
≈≈≈≈≈≈≈≈≈≈≈≈≈≈≈# ≈≈#
..≈≈≈≈≈≈≈≈≈≈≈≈≈#######≈≈#
.....≈.≈≈≈≈≈≈≈≈#..#..#≈≈#
.......≈.≈.≈.≈r#S....#≈≈#
..............Sr@...##≈≈#
..............r#S....#≈≈#
...............#..#..#≈≈#
##..†...###..#########≈≈#
####...## #### ≈≈# #
##### ≈# # ≈# #


You could see 2 adders, 2 river rats, a ball python and a rat.

Vanquished Creatures
  3 adders
  2 river rats
  A dart slug (D:2)
  4 ball pythons
  3 endoplasms (D:1)
  A giant cockroach (D:1)
  2 goblins
  2 hobgoblins
  11 jackals (D:1)
  2 bats (D:1)
  4 frilled lizards
  5 kobolds
  10 rats
50 creatures vanquished.

Notes
Turn   | Place    | Note
-------+----------+-------------------------------------------
     0 | D:1      | ZARRMARR the Ghoul Ice Elementalist began the quest for the
                  | Orb.
     0 | D:1      | Reached XP level 1. HP: 14/14 MP: 2/2
   211 | D:1      | Reached XP level 2. HP: 17/20 MP: 0/3
   682 | D:1      | Found a faded altar of an unknown god.
   763 | D:1      | Reached skill level 5 in Ice Magic
   825 | D:1      | Reached XP level 3. HP: 26/26 MP: 0/4
  1354 | D:2      | Found a blossoming altar of Fedhas.
  1442 | D:2      | Reached skill level 1 in Unarmed Combat
  1798 | D:2      | Reached XP level 4. HP: 34/34 MP: 4/6
  2013 | D:1      | Learned a level 3 spell: Frozen Ramparts
  2071 | D:3      | Found a glowing drain.
  2121 | Sewer    | Entered a sewer
  2343 | Sewer    | Slain by an adder

Illustrated notes

Levels and vault maps discovered:
D:1:      shiori_arrival_elements, layout_loops_ring,
          ebering_ecumenical_altar_hall
D:2:      layout_basic, basic_altar
D:3:      minmay_roachtagon, layout_loops_cross, portal_sewer_entry_b,
          minivault_24, uniq_sigmund
Sewer:    sewer_minmay_treatment

Skill      XL: |  1  2  3 |
---------------+----------+-----
Ice Magic      | 5 |  5.3
Unarmed Combat | 1 |  1.1
Spellcasting   | 2 |  2.3
Dodging        | 2 |  2.0
Fighting       | |  0.5
Throwing       | |  0.9
Stealth        | |  2.6

Action                   |  1- 3 |  4- 6 || total
-------------------------+-------+-------++-------
Melee: Unarmed           |    58 |     5 ||    63
Throw: Stone             |    39 |    30 ||    69
 Cast: Freeze            |    37 |    26 ||    63
       Frozen Ramparts   |       |     1 ||     1
  Use: Scroll            |     1 |     3 ||     4
 Stab: Sleeping          |     2 |     1 ||     3
Armor: Robe              |    21 |     8 ||    29
Dodge: Dodged            |    51 |    29 ||    80
